 Dungeon Crawl Stone Soup version 0.22-a0-377-g846bec1 (webtiles) character file.

701 JeffiDaFish the Magician (level 7, -4/32 HPs)
             Began as a Spriggan Necromancer on Apr 27, 2018.
             Was an Initiate of Kikubaaqudgha.
             Slain by garrulousMonolith's ghost (13 damage)
             ... on level 5 of the Dungeon.
             The game lasted 00:20:52 (6044 turns).

JeffiDaFish the Magician (Spriggan Necromancer)     Turns: 6044, Time: 00:20:53

Health: -4/32      AC:  2    Str:  4    XL:     7   Next: 38%
Magic:  18/18      EV: 20    Int: 18    God:    Kikubaaqudgha [......]
Gold:   207        SH:  0    Dex: 17    Spells: 11/20 levels left

rFire    + . .     SeeInvis +   d - +1 short sword
rCold    x . .     Gourm    .   (shield restricted)
rNeg     . . .     Faith    .   i - +0 robe
rPois    .         Spirit   .   h - +0 hat
rElec    .         Reflect  .   j - scarf {cloud immunity}
rCorr    .         Harm     .   (gloves unavailable)
MR       +....                  (boots unavailable)
Stlth    ++........             (no amulet)
HPRegen  0.10/turn              (no ring)
MPRegen  0.16/turn              a - ring of fire

@: very quick
A: very small, unfitting armour, see invisible, herbivore, speed 3, slow
metabolism 2
a: Renounce Religion


You were on level 5 of the Dungeon.
You worshipped Kikubaaqudgha.
Kikubaaqudgha was noncommittal.
You were not hungry.

You visited 2 branches of the dungeon, and saw 6 of its levels.

You collected 207 gold pieces.

Inventory:

Hand Weapons
 d - a +1 short sword (weapon)
Armour
 h - a +0 hat (worn)
 i - a +0 robe (worn)
 j - a scarf of cloud immunity (worn)
Jewellery
 a - a ring of fire (right hand)
Scrolls
 f - a scroll of blinking
 g - 2 scrolls of identify
Potions
 b - 3 potions of curing
Comestibles
 c - 3 rations


   Skills:
 - Level 4.5 Dodging
 - Level 3.0 Stealth
 * Level 7.4 Spellcasting
 + Level 6.0 Necromancy


You had 11 spell levels left.
You knew the following spells:

 Your Spells              Type           Power        Failure   Level  Hunger
a - Pain                  Necr           ####         1%          1    None
b - Animate Skeleton      Necr           N/A          1%          1    None
c - Vampiric Draining     Necr           ####......   2%          3    #......
d - Animate Dead          Necr           N/A          9%          4    ###....


Dungeon Overview and Level Annotations

Branches:
Dungeon (5/15)             Temple (1/1) D:5

Altars:
Ashenzari
Gozag
Kikubaaqudgha
Makhleb
Okawaru
Wu Jian

Shops:
D:4 [

Annotations:
D:5 garrulousMonolith's ghost, amateur HOMo


Innate Abilities, Weirdness & Mutations

You are very small and have problems with some larger weapons.
You are too small for most types of armour.
You have supernaturally acute eyesight. (SInv)
You are a herbivore.
You cover ground extremely quickly.
You need to consume almost no food.


Message History

The adder skeleton misses you.
Okay, then.
Casting: Pain (safe; 1% risk of failure)
Confirm with . or Enter, or press ? or * to list all spells.
You can't see any susceptible monsters within range! (Use Z to cast anyway.) Unknown command.
You barely miss the adder skeleton.
The adder skeleton is severely damaged.
The adder skeleton bites you.
You hit the adder skeleton.
The adder skeleton is almost destroyed.
The adder skeleton bites you. GarrulousMonolith's ghost hits you!
You hit the adder skeleton.
You destroy the adder skeleton!
Kikubaaqudgha accepts your kill. GarrulousMonolith's ghost hits you!
* * * LOW HITPOINT WARNING * * *
GarrulousMonolith's ghost hits you!
You die...
Kikubaaqudgha rasps: "You have failed me!
Welcome... death!"

#.#..#.##...#
...........
>........ ....... .
..... .. ... #####
#####. #.#
....###..##.####@##
...............W..#
..................#
..................#
..................#
..................#
..................#
..................#
..##)######..#...##


You could see garrulousMonolith's ghost.

Vanquished Creatures
  An ogre (D:5)
  A bullfrog (D:4)
  A scorpion (D:4)
  2 hounds (D:5)
  An orc priest (D:4)
  A bullfrog skeleton (D:2)
  A gnoll shaman (D:5)
  An iguana (D:4)
  2 orc wizards (D:4)
  3 worker ants
  5 gnolls
  4 adders
  2 oozes (D:3)
  An adder skeleton (D:5)
  A worm (D:4)
  4 leopard geckos
  8 orcs
  2 giant cockroaches (D:2)
  6 hobgoblins
  2 jackals (D:4)
  3 kobolds
  3 ball pythons
  5 bats
  3 frilled lizards
  2 goblins
  6 rats
71 creatures vanquished.

Vanquished Creatures (collateral kills)
  An ogre (D:3)
  A gnoll (D:3)
  A dart slug (D:3)
  An orc (D:4)
  A goblin (D:2)
  2 jackals (D:4)
  A jackal skeleton (D:4)
  A rat (D:2)
9 creatures vanquished.

Grand Total: 80 creatures vanquished

Notes
Turn   | Place    | Note
-------+----------+-------------------------------------------
     0 | D:1      | JeffiDaFish the Spriggan Necromancer began the quest for the Orb.
     0 | D:1      | Reached XP level 1. HP: 9/9 MP: 5/5
   368 | D:1      | Reached skill level 3 in Spellcasting
   833 | D:1      | Reached XP level 2. HP: 12/13 MP: 2/7
   884 | D:1      | Learned a level 1 spell: Animate Skeleton
  1290 | D:2      | Reached XP level 3. HP: 14/16 MP: 5/9
  1847 | D:2      | Reached skill level 4 in Spellcasting
  1847 | D:2      | Reached XP level 4. HP: 5/21 MP: 11/11
  2231 | D:2      | Found an ornate altar of the Wu Jian Council.
  2648 | D:3      | Learned a level 3 spell: Vampiric Draining
  2662 | D:3      | Noticed an ogre
  2670 | D:3      | Killed an ogre
  2670 | D:3      | Reached XP level 5. HP: 15/24 MP: 3/13
  3338 | D:3      | Reached skill level 5 in Spellcasting
  3471 | D:3      | You fall through a shaft for 2 floors!
  3471 | D:5      | Entered Level 5 of the Dungeon
  3504 | D:5      | Reached skill level 5 in Necromancy
  3586 | D:5      | Reached XP level 6. HP: 8/28 MP: 9/15
  3844 | D:5      | Learned a level 4 spell: Animate Dead
  4127 | D:5      | Noticed garrulousMonolith's ghost (amateur HOMo)
  4708 | D:4      | Reached skill level 6 in Spellcasting
  5341 | D:4      | Reached XP level 7. HP: 25/32 MP: 10/18
  5394 | D:4      | Found Vuebbuyrr's Antique Armour Emporium.
  5415 | D:4      | Reached skill level 7 in Spellcasting
  5757 | D:5      | Found a staircase to the Ecumenical Temple.
  5774 | Temple   | Entered the Ecumenical Temple
  5783 | Temple   | Became a worshipper of Kikubaaqudgha
  6044 | D:5      | Slain by garrulousMonolith's ghost

Vault maps used:
D:1:      lemuel_arrival_lava_pool, roderic_malta_cross
D:2:      marbit_many_paths, minivault_24, minmay_cupped
D:3:      kennysheep_generic_room_7
D:4:      serial_shops, nicolae_shop_crystal, nrook_mini_vaults
D:5:      minmay_temple_entry_overgrown, first_ration, uniq_menkaure
Temple:   nicolae_temple_the_god_donut

Skill      XL: |  1  2  3  4  5  6  7 |
---------------+----------------------+-----
Spellcasting   | 3 4 5 6 7 |  7.4
Necromancy     | 4 5 6 |  6.0
Dodging        | 4 |  4.5
Stealth        | |  3.0

Action                   |  1- 3 |  4- 6 |  7- 9 || total
-------------------------+-------+-------+-------++-------
Melee: Short sword       |    27 |    79 |    16 ||   122
 Cast: Pain              |    36 |    96 |    14 ||   146
       Animate Skeleton  |     8 |     9 |       ||    17
       Vampiric Draining |       |     6 |     1 ||     7
       Animate Dead      |       |     4 |       ||     4
  Use: Scroll            |     3 |     4 |     2 ||     9
       Potion            |     1 |     2 |       ||     3
 Stab: Sleeping          |     2 |     2 |       ||     4
       Distracted        |       |     1 |       ||     1
  Eat: Ration            |       |     1 |     1 ||     2
Armor: Robe              |     4 |     9 |       ||    13
Dodge: Dodged            |    35 |   127 |    15 ||   177

Table legend:
 A = Spawn XP
 B = Non-spawn XP
 C = Spawn XP percentage of total XP
 D = Spawn monster count
 E = Non-spawn monster count
 F = Spawn count percentage of total count
 G = Total turns spent on level
                    A         B        C        D         E        F      G
               +---------+---------+-------+---------+---------+-------+---------
         Total |       0 |    1002 |   0.0 |       0 |      80 |   0.0 |  6044
               +---------+---------+-------+---------+---------+-------+---------
           D:1 |       0 |      13 |   0.0 |       0 |       7 |   0.0 |  1146
           D:2 |       0 |      93 |   0.0 |       0 |      21 |   0.0 |  1160
           D:3 |       0 |     187 |   0.0 |       0 |      19 |   0.0 |  1165
           D:4 |       0 |     343 |   0.0 |       0 |      21 |   0.0 |  1515
           D:5 |       0 |     366 |   0.0 |       0 |      12 |   0.0 |  1042
               +---------+---------+-------+---------+---------+-------+---------
